AoeStats
← daddeldida

Lombardia

509948454Analyzed
4v4 RM · 4d ago on Sep 28, 2026· 44m 50s· 8 players
Game mode
Random Map
Map size
Large (8 player)
Population
200
Speed
Normal
Resources
Standard
Victory
Conquest
Starting age
Dark Age
Ending age
Imperial Age
RankedLock teamsTeams togetherTeam positionsShared explorationLock speedFull tech treeHidden civsTurbo modeCheats
Victory
Defeat
🇬🇧 Slavs · United Kingdom
1396
+14
🇨🇭 Persians · Switzerland
1377
+14
🇹🇼 Britons · Taiwan
1363
+15
🇺🇸 Portuguese · United States
1348
+15
🇩🇪 Maya · Germany
1464
-20
🇩🇪 Franks · Germany
1330
-14
🇩🇪 Ethiopians · Germany
1285
-12
🇩🇪 Persians · Germany
1278
-12
slapstickisfunny
6:27 Loom
9:19 Feudal Age
10:17 Double-Bit Axe
18:19 Castle Age
26:42 Wheelbarrow
26:27 Horse Collar
26:53 Gold Mining
27:27 Stone Mining
29:22 Stone Shaft Mining
28:55 Crossbowman
29:27 Fletching
33:12 Masonry
36:06 Imperial Age
33:53 Hand Cart
33:26 Town Watch
35:04 Fortified Wall
35:22 Ballistics
35:04 Murder Holes
35:07 Bodkin Arrow
35:12 Padded Archer Armor
37:59 Chemistry
37:33 Architecture
37:44 Caravan
38:42 Coinage
37:37 Arbalester
38:23 Thumb Ring
38:20 Bracer
38:35 Leather Archer Armor
40:12 Bombard Tower
41:33 Town Patrol
42:07 Architecture
42:22 Conscription
42:10 Circumnavigation
43:13 Ring Archer Armor
42:53 Siege Engineers
43:50 Bow Saw
43:45 Heavy Plow
pasonnosap
6:45 Loom
15:46 Feudal Age
15:53 Feudal Age
18:37 Wheelbarrow
20:13 Castle Age
19:16 Double-Bit Axe
19:13 Horse Collar
19:57 Gold Mining
22:22 Bow Saw
22:18 Heavy Plow
22:59 Gold Shaft Mining
22:24 Fletching
23:13 Stone Mining
28:51 Caravan
33:44 Imperial Age
31:43 Bodkin Arrow
31:48 Padded Archer Armor
32:01 Forging
31:51 Scale Mail Armor
33:02 Hand Cart
33:43 Ballistics
33:21 Pikeman
34:02 Squires
35:26 Chemistry
34:28 Bracer
35:00 Leather Archer Armor
35:27 Iron Casting
36:04 Ring Archer Armor
35:50 Chain Mail Armor
35:07 Halberdier
35:33 Arson
37:32 Two-Man Saw
38:15 Blast Furnace
37:46 Plate Mail Armor
37:53 Conscription
39:01 Yeomen
38:53 Warwolf
38:59 Elite Longbowman
40:16 Hoardings
39:49 Siege Engineers
39:56 Fortified Wall
39:52 Gambesons
40:44 Onager
SeemsFishy
6:54 Loom
9:35 Feudal Age
10:42 Double-Bit Axe
10:40 Horse Collar
20:02 Castle Age
17:55 Gold Mining
18:18 Scale Barding Armor
18:48 Forging
19:32 Bloodlines
21:05 Bow Saw
20:40 Light Cavalry
21:50 Chain Barding Armor
24:35 Wheelbarrow
25:51 Husbandry
30:02 Hand Cart
35:34 Imperial Age
34:49 Gold Shaft Mining
34:12 Stone Mining
35:46 Cavalier
37:03 Plate Barding Armor
37:04 Iron Casting
37:47 Druzhina
38:12 Conscription
38:37 Hussar
39:37 Detinets
40:15 Hoardings
42:13 Fletching
43:24 Blast Furnace
42:17 Fletching
44:50 Elite Boyar
Prostate Exam Cameraman
4:53 Loom
11:27 Feudal Age
13:05 Horse Collar
13:12 Double-Bit Axe
16:37 Castle Age
24:51 Wheelbarrow
24:08 Town Watch
25:45 Hand Cart
26:37 Fervor
27:30 Bow Saw
27:22 Heavy Plow
27:18 Gold Mining
27:18 Stone Mining
31:25 Imperial Age
30:21 Scale Barding Armor
30:27 Forging
31:11 Bloodlines
31:01 Husbandry
32:03 Chain Barding Armor
32:18 Iron Casting
31:23 Cavalier
34:17 Plate Barding Armor
34:42 Blast Furnace
33:16 Savar
34:01 Fletching
34:35 Ballistics
34:26 Masonry
35:38 Chemistry
36:30 Conscription
36:22 Citadels
36:23 Heavy Camel Rider
43:04 Kamandaran
43:36 Architecture
43:01 Murder Holes
43:05 Bodkin Arrow
43:11 Padded Archer Armor
Nitrozwerg/Janik
7:15 Loom
9:30 Feudal Age
13:20 Double-Bit Axe
24:58 Castle Age
23:33 Horse Collar
25:15 Crossbowman
25:45 Fletching
26:41 Bow Saw
26:35 Gold Mining
28:05 Padded Archer Armor
31:14 Bodkin Arrow
33:47 Wheelbarrow
33:17 Heavy Plow
35:10 Thumb Ring
35:31 Ballistics
39:18 Imperial Age
38:44 Thumb Ring
38:56 Leather Archer Armor
39:30 Arbalester
40:11 Bracer
41:37 Chemistry
44:33 Conscription
[PFFFT]Barbie
8:04 Loom
10:00 Feudal Age
15:13 Castle Age
13:17 Double-Bit Axe
21:06 Bow Saw
22:26 Husbandry
23:21 Husbandry
24:25 Wheelbarrow
27:02 Scale Barding Armor
27:08 Forging
28:33 Hand Cart
30:03 Chain Barding Armor
31:07 Iron Casting
32:49 Scale Mail Armor
33:21 Light Cavalry
35:46 Gold Mining
35:53 Stone Mining
38:58 Imperial Age
39:07 Cavalier
40:35 Plate Barding Armor
39:36 Pikeman
40:16 Squires
41:44 Paladin
43:40 Halberdier
Chalix
0:30 Loom
11:14 Feudal Age
15:09 Castle Age
14:09 Double-Bit Axe
16:06 Bow Saw
15:25 Crossbowman
16:50 Horse Collar
18:37 Fletching
22:04 Wheelbarrow
23:03 Padded Archer Armor
23:29 Bodkin Arrow
24:56 Hand Cart
24:40 Stone Mining
24:41 Gold Mining
25:24 Leather Archer Armor
26:49 Ballistics
27:12 Stone Shaft Mining
35:28 Imperial Age
34:23 Hul'che Javelineers
35:32 Scale Mail Armor
35:42 Forging
35:57 Thumb Ring
35:21 Pikeman
36:01 Squires
35:31 Arbalester
36:12 Bracer
36:25 Forging
36:46 Ring Archer Armor
37:19 Chemistry
37:18 Chain Mail Armor
36:31 Halberdier
39:11 Elite Skirmisher
41:59 Plate Mail Armor
42:04 Iron Casting
daddeldida
7:00 Loom
7:04 Loom
9:57 Feudal Age
11:33 Double-Bit Axe
11:31 Horse Collar
13:00 Scale Barding Armor
20:35 Castle Age
18:40 Gold Mining
22:09 Bow Saw
22:38 Wheelbarrow
22:23 Forging
22:29 Heavy Plow
27:37 Bloodlines
27:27 Husbandry
32:39 Hand Cart
33:46 Stone Mining
34:37 Chain Barding Armor
34:53 Iron Casting
34:11 Town Watch
35:51 Fletching
40:49 Imperial Age
38:53 Bodkin Arrow
40:26 Cavalier
43:30 Plate Barding Armor
43:14 Savar
44:49 Gold Shaft Mining
Connection lost

Rejoining the realm…

Still unreachable

The connection could not be restored.

Session expired

The server has moved on; the page needs a fresh start.